 Dungeon Crawl Stone Soup version 0.29.0-4-gdea44cf6ec (webtiles) character file.

Game seed: 14656955473278737597

44 qw the Ruffian (level 3, -2/28 HPs)
             Began as a Ghoul Fire Elementalist on Aug 29, 2022.
             Slain by a gnoll
             ... wielding a +0 spear
              (3 damage)
             ... on level 2 of the Dungeon.
             The game lasted 00:01:24 (1904 turns).

qw the Ruffian (Ghoul Fire Elementalist)            Turns: 1904, Time: 00:01:24

Health: -2/28      AC:  5    Str: 13    XL:     3   Next: 60%
Magic:  0/4        EV: 10    Int: 10    God:
Gold:   45         SH:  0    Dex:  9    Spells: 4/5 levels left

rFire   . . .      SeeInvis .     - Unarmed
rCold   + . .      Faith    .   (no shield)
rNeg    + + +      Spirit   +   i - +0 ring mail
rPois   inf        Reflect  .   (no helmet)
rElec   .          Harm     .   (no cloak)
rCorr   .          Rampage  .   (no gloves)
Will    .....                   (no boots)
Stlth   +.........              g - amulet of guardian spirit
HPRegen 0.00/turn               (no ring)
MPRegen 0.09/turn               (no ring)

@: inhibited regen
A: claws 1, cold resistance 1, negative energy resistance 3, inhibited
regeneration, torment resistance 2, devour on kill
a: no special abilities


You were on level 2 of the Dungeon.
You visited 1 branch of the dungeon, and saw 2 of its levels.

You collected 45 gold pieces.


Innate Abilities, Weirdness & Mutations

You are immune to poison.
You have sharp fingernails.
Your flesh is cold resistant. (rC+)
You are immune to negative energy. (rN+++)
You do not regenerate when monsters are visible.
You are immune to unholy pain and torment.
You thrive by killing the living.


   Skills:
 - Level 1.0 Fighting
 - Level 1.7 Dodging
 - Level 2.1 Stealth
 + Level 3.1 Unarmed Combat
 - Level 1.7 Spellcasting
 - Level 0.7 Conjurations
 - Level 2.4 Fire Magic


You had 4 spell levels left.
You knew the following spells:

 Your Spells              Type           Power      Damage    Failure   Level
a - Foxfire               Conj/Fire      16%        2x1d4     36%         1

Your spell library contained the following spells:

 Spells                   Type           Power      Damage    Failure   Level
 Scorch                   Fire           10%        2d5       36%         2
 Conjure Flame            Conj/Fire      4%         6-21      73%         3
 Inner Flame              Hex/Fire       3%         N/A       78%         3
 Flame Wave               Conj/Fire      4%         2d5       98%         4

Inventory:

Armour
 i - a +0 ring mail (worn)
Jewellery
 d - a ring of ice
 g - an amulet of guardian spirit (around neck)

Dungeon Overview and Level Annotations

Branches:
Dungeon (2/15)

Altars:
Trog


Message History

There is a stone staircase leading down here.
You climb downwards.
There is a stone staircase leading up here.
Existing waypoints: (2) D:1 Assign waypoint to what number? (0-9, D - delete waypoint) Waypoint 1 assigned to D:2.
Found a bloodstained altar of Trog.
A worm and 2 gnolls come into view.
Found a scroll labelled IXTOIT HIAB and a scroll of magic mapping.
The gnoll shouts! x2; You hear an angry hiss.
A gnoll comes into view. It is wielding a +0 halberd.
1896 ||| Stepping ~*~*~tactically~*~*~ (stealth).
An adder comes into view.
The gnoll shouts!
The gnoll hits you from afar with a +0 spear.
The adder hisses angrily.
The gnoll hits you with a +0 spear.
You completely miss the gnoll. You scratch the gnoll.
The gnoll is moderately wounded.
The gnoll barely misses you. The gnoll hits you with a +0 club.
1901 ||| Stepping ~*~*~tactically~*~*~ (outnumbered).
The gnoll attacks as you move away! The gnoll misses you.
The gnoll hits you from afar with a +0 spear.
You scratch the gnoll.
The gnoll is lightly wounded.
The gnoll misses you.
The gnoll hits you from afar with a +0 spear.
You closely miss the gnoll.
The gnoll is lightly wounded.
The gnoll hits you from afar with a +0 spear.
The gnoll closely misses you. The adder bites you but does no damage.
You barely miss the gnoll.
The gnoll is lightly wounded.
The adder closely misses you.
The gnoll hits you from afar with a +0 halberd!
The gnoll closely misses you.
The gnoll hits you from afar with a +0 spear.
You die...

...# ##..#
#...####
#......#####
#.........?.
#.._....?...
#..wSg......
#..@gg......
###.##......
####.# .....
#<...# ....
###### ...
##


You could see a worm, 3 gnolls and an adder.

Vanquished Creatures
  2 dart slugs (D:1)
  3 ball pythons (D:1)
  3 bats (D:1)
  3 endoplasms (D:1)
  5 goblins (D:1)
  2 hobgoblins (D:1)
  6 jackals (D:1)
  3 kobolds (D:1)
  A quokka (D:1)
  2 frilled lizards (D:1)
  4 rats (D:1)
34 creatures vanquished.

Vanquished Creatures (others)
  2 fungi (D:1)
  A plant (D:1)
3 creatures vanquished.

Grand Total: 37 creatures vanquished

Notes
Turn   | Place    | Note
-------+----------+-------------------------------------------
     0 | D:1      | qw the Ghoul Fire Elementalist began the quest for the Orb.
     0 | D:1      | Reached XP level 1. HP: 14/14 MP: 2/2
     0 | D:1      | 0 ||| qw: Version: 0.1-a-90-g952f4b7
     0 | D:1      | 0 ||| qw: Game counter: 4182
     0 | D:1      | 0 ||| qw: Always use a shield: true
     0 | D:1      | 0 ||| qw: God list: Okawaru
     0 | D:1      | 0 ||| qw: Allow faded altars: false
     0 | D:1      | 0 ||| qw: Do Orc after D:15 true
     0 | D:1      | 0 ||| qw: Do second Lair branch before Depths: true
     0 | D:1      | 0 ||| qw: Lair rune preference: random
     0 | D:1      | 0 ||| qw: Plans: Normal
     0 | D:1      | 0 ||| PLANNING D:1-11
   317 | D:1      | Reached skill level 1 in Unarmed Combat
   318 | D:1      | 318 ||| Stepping ~*~*~tactically~*~*~ (stealth).
   329 | D:1      | 329 ||| Stepping ~*~*~tactically~*~*~ (stealth).
   335 | D:1      | 335 ||| Stepping ~*~*~tactically~*~*~ (stealth).
   336 | D:1      | 336 ||| Stepping ~*~*~tactically~*~*~ (stealth).
   347 | D:1      | Reached skill level 1 in Fighting
   347 | D:1      | Reached XP level 2. HP: 20/23 MP: 3/3
   347 | D:1      | 347 ||| Stepping ~*~*~tactically~*~*~ (stealth).
   348 | D:1      | 348 ||| Stepping ~*~*~tactically~*~*~ (stealth).
   381 | D:1      | 381 ||| Stepping ~*~*~tactically~*~*~ (stealth).
   384 | D:1      | 384 ||| Stepping ~*~*~tactically~*~*~ (stealth).
   587 | D:1      | Found a faded altar of an unknown god.
   662 | D:1      | 662 ||| Stepping ~*~*~tactically~*~*~ (stealth).
   676 | D:1      | Reached skill level 2 in Unarmed Combat
   705 | D:1      | 705 ||| Stepping ~*~*~tactically~*~*~ (stealth).
   757 | D:1      | Reached XP level 3. HP: 26/28 MP: 4/4
   769 | D:1      | 769 ||| Stepping ~*~*~tactically~*~*~ (stealth).
   770 | D:1      | 770 ||| Stepping ~*~*~tactically~*~*~ (stealth).
   884 | D:1      | 884 ||| Stepping ~*~*~tactically~*~*~ (hiding).
   986 | D:1      | 986 ||| Stepping ~*~*~tactically~*~*~ (hiding).
  1088 | D:1      | 1088 ||| Stepping ~*~*~tactically~*~*~ (hiding).
  1190 | D:1      | 1190 ||| Stepping ~*~*~tactically~*~*~ (hiding).
  1292 | D:1      | 1292 ||| Stepping ~*~*~tactically~*~*~ (hiding).
  1300 | D:1      | Reached skill level 3 in Unarmed Combat
  1530 | D:1      | 1530 ||| Stepping ~*~*~tactically~*~*~ (hiding).
  1632 | D:1      | 1632 ||| Stepping ~*~*~tactically~*~*~ (hiding).
  1734 | D:1      | 1734 ||| Stepping ~*~*~tactically~*~*~ (hiding).
  1848 | D:1      | 1848 ||| UPGRADING to +0 ring mail.
  1858 | D:1      | 1858 ||| DROPPING +0 robe.
  1859 | D:1      | 1859 ||| UPGRADING to amulet of guardian spirit.
  1864 | D:1      | 1864 ||| READING scroll labelled COMOAMYLLA.
  1865 | D:1      | 1865 ||| READING scroll labelled OGUH KIPTA.
  1866 | D:1      | 1866 ||| READING scroll labelled TOCSERCHOTINT.
  1867 | D:1      | 1867 ||| READING scroll labelled CEONYD POARAPN.
  1868 | D:1      | 1868 ||| DROPPING potion of magic.
  1892 | D:2      | Found a bloodstained altar of Trog.
  1896 | D:2      | 1896 ||| Stepping ~*~*~tactically~*~*~ (stealth).
  1901 | D:2      | 1901 ||| Stepping ~*~*~tactically~*~*~ (outnumbered).
  1903 | D:2      | HP: 6/28 [gnoll/+0 spear (5)]
  1904 | D:2      | HP: 1/28 [gnoll/+0 halberd (5)]
  1904 | D:2      | Slain by a gnoll

Levels and vault maps discovered:
D:1:      wander_arrival_chamber, layout_basic,
          shapermc_ecumenical_altar_rom_forum, chequers_jeans
D:2:      layout_basic, basic_altar, nicolae_titane

Skill      XL: |  1  2  3 |
---------------+----------+-----
Unarmed Combat | 1 2 3 |  3.1
Fighting       | 1 |  1.0
Dodging        | |  1.7
Stealth        | |  2.1
Spellcasting   | |  1.7
Conjurations   | |  0.7
Fire Magic     | |  2.4

Action                   || total
-------------------------++-------
Melee: Unarmed           ||   111
       Punch             ||     2
  Use: Scroll            ||     4
Armor: Robe              ||    14
       Ring mail         ||     1
Dodge: Dodged            ||    63

Table legend:
 A = Non-vault XP
 B = Vault XP
 C = Vault XP percentage of total XP
 D = Non-vault monster count
 E = Vault monster count
 F = Vault count percentage of total count
                 A         B        C        D         E       F
            +---------+---------+-------+---------+---------+-------
      Total |      63 |       0 |   0.0 |      34 |       0 |   0.0
            +---------+---------+-------+---------+---------+-------
        D:1 |      63 |       0 |   0.0 |      34 |       0 |   0.0
            +---------+---------+-------+---------+---------+-------
